 Dungeon Crawl Stone Soup version 0.29.1-4-g47bece8355 (webtiles) character file.

Game seed: 15348210002610020620

1979 styxcanada the Covert (level 9, 0/45 HPs)
             Began as a Spriggan Brigand on Dec 12, 2022.
             Slain by Sambug2000's ghost (7 damage)
             ... on level 7 of the Dungeon.
             The game lasted 00:30:34 (7715 turns).

styxcanada the Covert (Spriggan Brigand)            Turns: 7715, Time: 00:30:35

Health: 0/45       AC:  9    Str: 11    XL:     9   Next: 1%
Magic:  10/10      EV: 22    Int: 11    God:
Gold:   455        SH:  0    Dex: 21    Spells: 8/8 levels left

rFire   . . .      SeeInvis +   a - +3 dagger
rCold   . . .      Faith    .   (no shield)
rNeg    . . .      Spirit   .   A - +2 robe of Xaege Calawk {Regen+ Str+4 Int+2}
rPois   +          Reflect  .   h - +2 hat of the Distant Future {+Blink rPois Int-3 Stlth+}
rElec   .          Harm     .   c - +2 cloak
rCorr   +          Rampage  .   (gloves unavailable)
Will    +....                   (boots unavailable)
Stlth   ++++++....              (no amulet)
HPRegen 0.95/turn               f - ring of resist corrosion
MPRegen 0.12/turn               (no ring)

@: very quick
A: very small, no large weapons, unfitting armour, see invisible, speed 3
a: Evoke Blink


You were on level 7 of the Dungeon.
You visited 2 branches of the dungeon, and saw 8 of its levels.

You collected 455 gold pieces.

Inventory:

Hand Weapons
 a - a +3 dagger (weapon)
Missiles
 e - 2 curare-tipped darts
 l - 103 stones
 m - 3 boomerangs
 o - 3 poisoned darts (quivered)
Armour
 c - a +2 cloak (worn)
 h - the +2 hat of the Distant Future (worn) {+Blink rPois Int-3 Stlth+}
   (You acquired it on level 4 of the Dungeon)

   Int:       It affects your intelligence (-3).
   rPois:     It protects you from poison.
   +Blink:    It lets you blink.
   Stlth:     It makes you more stealthy.
 q - a +2 robe of cold resistance
 A - the +2 robe of Xaege Calawk (worn) {Regen+ Str+4 Int+2}
   (You found it on level 4 of the Dungeon)

   Str:       It affects your strength (+4).
   Int:       It affects your intelligence (+2).
   Regen:     It increases your rate of health regeneration.
Magical Staves
 y - a staff of fire
Jewellery
 f - a ring of resist corrosion (left hand)
 t - an amulet of faith
 w - a ring of ice
 B - an amulet of magic regeneration
Wands
 i - a wand of mindburst (11)
 x - a wand of digging (4)
 E - a wand of charming (7)
Scrolls
 d - a scroll of fear
 j - a scroll of enchant armour
 n - a scroll of magic mapping
 p - 3 scrolls of teleportation
 r - a scroll of amnesia
 D - a scroll of immolation
Potions
 b - 2 potions of might
 g - a potion of haste
 k - 3 potions of curing
 u - 2 potions of resistance
 v - a potion of brilliance {unknown}
 z - a potion of lignification {unknown}
 F - a potion of magic {unknown}
 G - 2 potions of flight {unknown}


   Skills:
 * Level 3.9 Fighting
 + Level 5.5 Short Blades
 + Level 3.9 Throwing
 * Level 6.6 Dodging
 * Level 12.4 Stealth
 * Level 3.3 Evocations


You had 8 spell levels left.
You didn't know any spells.
Your spell library was empty.

Dungeon Overview and Level Annotations

Branches:
Dungeon (7/15)             Temple (1/1) D:4

Altars:
Ashenzari
Cheibriados
Dithmenos
Elyvilon
Fedhas
Hepliaklqana
Kikubaaqudgha
Makhleb
Nemelex Xobeh
Okawaru
Ru
Sif Muna
Trog
Uskayaw
Vehumet
Wu Jian
Xom
Yredelemnul
Zin
The Shining One

Shops:
D:5 (

Annotations:
D:7 Sambug2000's ghost, novice HOFi


Innate Abilities, Weirdness & Mutations

You are very small and have problems with some larger weapons.
You are too small for most types of armour.
You have supernaturally acute eyesight. (SInv)
You cover ground extremely quickly. (Speed+++)


Message History

You feel less invigorated.
You feel less confused. The manticore completely misses you.
The manticore barely misses you. The manticore completely misses you.
Sambug2000's ghost completely misses you.
You hit the manticore but do no damage.
The manticore is heavily wounded.
You barely miss the manticore.
The manticore is heavily wounded.
The manticore misses you. The manticore completely misses you.
The manticore claws you.
Sambug2000's ghost hits you but does no damage.
You hit the manticore but do no damage.
The manticore is heavily wounded.
The manticore completely misses you.
The manticore claws you but does no damage. x2
Sambug2000's ghost hits you.
You closely miss the manticore.
The manticore is heavily wounded.
You hit the manticore.
The manticore is heavily wounded.
The manticore misses you. The manticore claws you.
The manticore completely misses you.
Sambug2000's ghost hits you but does no damage.
You barely miss the manticore.
The manticore is heavily wounded.
The manticore bites you. The manticore claws you! x2
Sambug2000's ghost hits you!
* * * LOW HITPOINT WARNING * * *
You barely miss the manticore.
The manticore is severely wounded.
The manticore closely misses you. x2; The manticore misses you.
Sambug2000's ghost hits you.
* * * LOW HITPOINT WARNING * * *
You feel better.
You carefully extract the barbed spikes from your body.
The manticore closely misses you. The manticore claws you!
* * * LOW HITPOINT WARNING * * *
The manticore barely misses you. Sambug2000's ghost hits you!
You die...

#..........## #............
#...........# #............
#...........#### #....########
###########.)..###....#.......
####.#......#..#.#./
########...#....#.).#...
#.........##....#.$.....
#.######..##....#.".#...
#(..()H@W.((....#..#.#..
#####################(#..#...o...
#........# ##.....W.########
#........# ##..##....()...W.(
#........# ##..###.#..........
#........# ##..## #.###.####..#
#........# ##..## #.###.# ##.#
#####.##.####..## #..##.# #.#
#.##........# ##....#####..


You could see a manticore (poisoned) and Sambug2000's ghost.

Vanquished Creatures
  Grinder (D:4)
  A water moccasin (D:6)
  3 black bears
  3 sky beasts
  An ice beast (D:5)
  An ogre (D:5)
  A phantom (D:6)
  A kobold brigand (D:7)
  A gnoll sergeant (D:7)
  A necrophage (D:5)
  2 scorpions
  2 jellies (D:6)
  3 hounds
  An orc priest (D:7)
  An iguana (D:2)
  2 orc wizards (D:7)
  7 gnolls
  10 adders
  An ufetubus (D:6)
  4 dart slugs
  22 orcs
  10 ball pythons
  6 endoplasms
  7 goblins
  11 hobgoblins
  4 quokkas
  3 bats
  4 frilled lizards
  13 kobolds
  9 rats
136 creatures vanquished.

Vanquished Creatures (collateral kills)
  An orc wizard (D:5)
  An orc (D:5)
2 creatures vanquished.

Vanquished Creatures (others)
  2 orcs (D:7)
2 creatures vanquished.

Grand Total: 140 creatures vanquished

Notes
Turn   | Place    | Note
-------+----------+-------------------------------------------
     0 | D:1      | styxcanada the Spriggan Brigand began the quest for the
                  | Orb.
     0 | D:1      | Reached XP level 1. HP: 10/10 MP: 2/2
    49 | D:1      | Reached skill level 6 in Stealth
   205 | D:1      | Reached XP level 2. HP: 4/15 MP: 3/3
  1098 | D:1      | Reached XP level 3. HP: 18/18 MP: 4/4
  1686 | D:2      | Reached skill level 7 in Stealth
  1733 | D:2      | Reached XP level 4. HP: 23/23 MP: 5/5
  2564 | D:3      | Noticed a sky beast
  2567 | D:3      | Killed a sky beast
  2568 | D:3      | Reached skill level 8 in Stealth
  2568 | D:3      | Reached XP level 5. HP: 26/26 MP: 6/6
  3223 | D:4      | Identified a scroll of acquirement
  3223 | D:4      | Acquired the +2 hat of the Distant Future {+Blink rPois
                  | Int-3 Stlth+}
  3523 | D:4      | Noticed a black bear
  3556 | D:4      | Killed a black bear
  3557 | D:4      | Reached skill level 9 in Stealth
  3557 | D:4      | Reached XP level 6. HP: 23/31 MP: 7/7
  3770 | D:4      | Found a shimmering altar of Xom.
  3804 | D:4      | Identified the +2 robe of Xaege Calawk {Regen+ Str+4 Int+2}
  3881 | D:4      | Noticed Grinder
  3884 | D:4      | Paralysed by Grinder for 4 turns
  3899 | D:4      | Paralysed by Grinder for 3 turns
  3938 | D:4      | Killed Grinder
  3939 | D:4      | Reached skill level 10 in Stealth
  3939 | D:4      | Reached XP level 7. HP: 34/35 MP: 8/8
  4231 | D:4      | Found a staircase to the Ecumenical Temple.
  4240 | Temple   | Entered the Ecumenical Temple
  4557 | D:5      | Entered Level 5 of the Dungeon
  4957 | D:5      | Found Hanirar's Antique Weapon Boutique.
  5026 | D:5      | Reached skill level 11 in Stealth
  5135 | D:5      | Reached XP level 8. HP: 14/40 MP: 9/9
  5585 | D:6      | Reached skill level 5 in Dodging
  5625 | D:6      | Reached skill level 1 in Evocations
  6550 | D:7      | Reached skill level 12 in Stealth
  6557 | D:7      | Reached skill level 5 in Short Blades
  6578 | D:7      | Found a burning altar of Makhleb.
  6579 | D:7      | Found a blossoming altar of Fedhas.
  6579 | D:7      | Found a bloodstained altar of Trog.
  6592 | D:7      | Found a snail-covered altar of Cheibriados.
  6603 | D:7      | Found an ornate altar of the Wu Jian Council.
  7121 | D:7      | Found a runed translucent gate.
  7121 | D:7      | Noticed a manticore
  7122 | D:7      | Found a runed translucent gate.
  7122 | D:7      | Found a runed translucent gate.
  7129 | D:7      | Noticed Sambug2000's ghost (novice HOFi)
  7700 | D:7      | Reached XP level 9. HP: 43/45 MP: 10/10
  7715 | D:7      | Slain by Sambug2000's ghost

Illustrated notes

Levels and vault maps discovered:
D:1:      dpeg_arrival_refuge, layout_loops_cross, minmay_heptomino_w4
D:2:      layout_rooms, serial_curves, eino_curves_03, eino_curves_03
D:3:      minmay_bubble_buster, layout_rooms
D:4:      black_bear_nest_1, layout_loops_cross, brannock_xom_greatest_gift,
          lemuel_temple_firewalk_b, uniq_grinder
D:5:      layout_basic, serial_shops, shop
D:6:      corexii_shack_village, layout_basic
D:7:      layout_rooms, minmay_overflow_temple_star_hex, gammafunk_ghost_split
Temple:   nicolae_temple_superstar

Skill      XL: |  1  2  3  4  5  6  7  8 |
---------------+-------------------------+-----
Stealth        | 6 7 8 9 10 11 12 | 12.4
Dodging        | 2 3 4 6 |  6.6
Fighting       | 2 3 |  3.9
Short Blades   | 3 4 5 |  5.5
Throwing       | 3 |  3.9
Evocations     | 3 |  3.3

Action                   |  1- 3 |  4- 6 |  7- 9 || total
-------------------------+-------+-------+-------++-------
Melee: Dagger            |    99 |    96 |   371 ||   566
       Punch             |     2 |       |     6 ||     8
Throw: Dart              |     8 |    26 |    27 ||    61
       Stone             |       |     2 |     5 ||     7
Evoke: Wand              |       |       |     6 ||     6
  Use: Scroll            |       |    11 |     9 ||    20
       Potion            |       |       |     6 ||     6
 Stab: Sleeping          |     6 |    15 |    11 ||    32
       Distracted        |     2 |       |     1 ||     3
Armor: Robe              |    10 |    12 |    53 ||    75
Dodge: Dodged            |    56 |    57 |   292 ||   405
